 Dungeon Crawl Stone Soup version 0.19-a0-713-g934ebc7 (webtiles) character file.

2478 Gruud the Basher (level 9, -9/144 HPs)
             Began as an Ogre Assassin on June 20, 2016.
             Was a Follower of Uskayaw.
             Mangled by a cyclops (16 damage)
             ... on level 8 of the Dungeon.
             The game lasted 00:33:18 (6416 turns).

Gruud the Basher (Ogre Assassin)                    Turns: 6416, Time: 00:33:19

Health: -9/144     AC: 16    Str: 25    XL:     9   Next: 51%
Magic:  8/13       EV:  9    Int: 11    God:    Uskayaw [*.....]
Gold:   146        SH:  0    Dex: 11    Spells: 0 memorised, 8 levels left

rFire  . . .     SeeInvis .     a - +0 flail
rCold  . . .     Gourm    .     c - +0 robe
rNeg   . . .     Faith    +     (no shield)
rPois  .         Spirit   .     (helmet restricted)
rElec  .         Dismiss  .     r - +1 cloak
rCorr  .         Reflect  .     (gloves unavailable)
SustAt .         Harm     .     (boots unavailable)
MR     .....                    d - amulet of faith
Stlth  ..........               S - +3 ring of protection
                                s - ring of Robustness {AC+8}

@: berserking, very quick, not resistant to hostile enchantments, extremely
unstealthy
A: unfitting armour, tough skin 1
a: Stomp, Renounce Religion


You were on level 8 of the Dungeon.
You worshipped Uskayaw.
Uskayaw was aware of your devotion.
You were not hungry.

You visited 1 branch of the dungeon, and saw 8 of its levels.
You also visited: Ossuary.

You collected 664 gold pieces.
You spent 518 gold pieces at shops.

Inventory:

Hand Weapons
 a - a +0 flail (weapon)
 b - a +0 blowgun
 j - a +2 dagger
 u - a +1 giant spiked club
Missiles
 e - 19 poisoned needles
 f - 2 curare-tipped needles
 y - 12 tomahawks (quivered)
 z - 4 javelins of penetration
 I - 2 large rocks
Armour
 c - a +0 robe (worn)
 r - a +1 cloak (worn)
Jewellery
 d - an amulet of faith (around neck)
 s - the ring of Robustness (left hand) {AC+8}
   (You found it on level 5 of the Dungeon)

   [ring of protection]

   It affects your AC (+8).
 P - a cursed -2 ring of protection
 S - a +3 ring of protection (right hand)
Wands
 H - a wand of enslavement (1/24)
 K - a wand of iceblast (11/15)
 L - a wand of iceblast (2/15)
 Q - a wand of flame (9/48)
Scrolls
 m - 2 scrolls of remove curse
 n - a scroll of blinking
 o - a scroll of fog
 p - a scroll of enchant armour
 q - a scroll of noise
 x - 4 scrolls of amnesia
 D - 4 scrolls of recharging
 F - a scroll of summoning {unknown}
Potions
 h - 2 potions of brilliance {unknown}
 i - a potion of haste {unknown}
 k - 3 potions of flight
 l - 3 potions of ambrosia
 t - a potion of degeneration {unknown}
 v - 4 potions of agility
 A - 4 potions of curing
 B - 3 potions of magic {unknown}
 C - 3 potions of mutation
 E - a potion of cancellation {unknown}
 J - a potion of berserk rage
 M - 2 potions of resistance
 N - a potion of invisibility {unknown}
 T - 2 potions of might
Comestibles
 g - 4 bread rations
 w - 2 beef jerkies
 G - a meat ration
 O - 4 chunks of flesh


   Skills:
 + Level 8.2 Fighting
 - Level 1.2 Short Blades
 * Level 10.2 Maces & Flails
 + Level 5.9 Throwing
 - Level 0.8 Dodging
 - Level 3.2 Stealth
 + Level 5.4 Invocations


You had 8 spell levels left.
You didn't know any spells.

Dungeon Overview and Level Annotations

Branches:
Dungeon (8/15)             Temple (0/1) D:5
   Lair: D:8-11

Altars:
Ashenzari
Cheibriados
Dithmenos
Elyvilon
Gozag
Kikubaaqudgha
Okawaru
Qazlal
Ru
Sif Muna
Trog
Uskayaw
Vehumet
Yredelemnul
The Shining One

Shops:
D:4 (   D:6 *   D:8 *


Innate Abilities, Weirdness & Mutations

You are too large for most types of armour.
You have tough skin. (AC +1)


Message History

The cyclops is heavily wounded.
The cyclops hits you but does no damage.
You hit the cyclops.
The cyclops is heavily wounded.
You hit the cyclops but do no damage.
The cyclops is heavily wounded.
The cyclops hits you!
* * * LOW HITPOINT WARNING * * *
You barely miss the cyclops.
The cyclops is heavily wounded.
The cyclops hits you.
* * * LOW HITPOINT WARNING * * *
You stomp with the beat, sending a shockwave through the revelers around you!
The cyclops is heavily wounded.
You feel somewhat more hungry.
You can no longer stomp with the beat.
You can now stomp with the beat.
It was a potion of berserk rage.
A red film seems to cover your vision as you go berserk!
You feel yourself moving faster!
You feel mighty! The cyclops hits you!
You die...

#.......#
##########.......######
#.......##.......#....#
+.......''..>....#.##.#
#.......##.......#†#..#
#####...####'#.....#..#
##.## #.#.#####.##
###'#####.#.# #.#
#..@....#...# #.#
#..C....#########.#
#.......# #.......#
#.......# #.#######
#.%.....# #.#.....#
#.......# #.##.##.##
#.......# #........#
#.......# ######.#..
#.....


You could see a cyclops.

Vanquished Creatures
  Grum (D:8)
  Duvessa (D:7)
  An orc warrior (D:6)
  A necrophage (D:7)
  3 ice beasts
  A sky beast (D:7)
  An ogre (D:5)
  A phantom (D:4)
  3 wolves
  A centaur (D:8)
  A giant frog (D:6)
  Dowan (D:7)
  4 scorpions
  2 crimson imps
  Crazy Yiuf (D:7)
  A giant frog skeleton (D:5)
  A jelly (D:6)
  An orc priest (D:6)
  2 centaur skeletons
  2 hounds
  4 orc wizards
  Jessica (D:2)
  An iguana (D:5)
  A big kobold zombie (Ossuary)
  A hound skeleton (D:6)
  8 mummies (Ossuary)
  Robin (D:2)
  A worker ant zombie (D:5)
  3 gnolls (D:2)
  8 adders
  An ooze (D:3)
  An adder skeleton (D:7)
  An adder zombie (D:6)
  A worm (D:2)
  4 dart slugs
  2 giant geckos (D:4)
  17 orcs
  4 ball pythons
  A giant cockroach (D:1)
  10 goblins
  2 hobgoblins (D:2)
  16 jackals
  9 kobolds
  6 quokkas
  10 bats
  A giant gecko skeleton (D:5)
  7 giant newts
  3 hobgoblin zombies (Ossuary)
  2 kobold zombies (Ossuary)
  2 orc zombies (Ossuary)
  11 rats
170 creatures vanquished.

Notes
Turn   | Place    | Note
--------------------------------------------------------------
     0 | D:1      | Gruud the Ogre Assassin began the quest for the Orb.
     0 | D:1      | Reached XP level 1. HP: 22/22 MP: 1/1
   286 | D:1      | Reached skill level 1 in Maces & Flails
   384 | D:1      | Reached XP level 2. HP: 25/29 MP: 2/2
   577 | D:1      | Reached skill level 2 in Maces & Flails
   649 | D:1      | Reached XP level 3. HP: 21/37 MP: 3/3
  1025 | D:2      | Noticed Jessica
  1033 | D:2      | Killed Jessica
  1078 | D:2      | Reached XP level 4. HP: 48/48 MP: 4/4
  1082 | D:2      | Reached skill level 3 in Maces & Flails
  1333 | D:2      | Found an iron altar of Okawaru.
  1391 | D:2      | Found an ancient bone altar of Kikubaaqudgha.
  1454 | D:2      | Noticed Robin
  1478 | D:2      | Killed Robin
  1604 | D:2      | Found a deep blue altar of Sif Muna.
  1796 | D:2      | Reached XP level 5. HP: 55/55 MP: 5/5
  1799 | D:2      | Reached skill level 4 in Maces & Flails
  1951 | D:2      | Found a white marble altar of Elyvilon.
  1951 | D:2      | Found a glowing golden altar of the Shining One.
  2071 | D:3      | Found a hide-covered altar of Uskayaw.
  2076 | D:3      | Became a worshipper of Uskayaw the Reveler
  2180 | D:3      | Reached * piety under Uskayaw
  2205 | D:3      | Found a basalt altar of Yredelemnul.
  2233 | D:3      | Reached ** piety under Uskayaw
  2358 | D:3      | Found a shadowy altar of Dithmenos.
  2527 | D:3      | Found a bloodstained altar of Trog.
  2905 | D:4      | Found Gevisid's Antique Weapon Shoppe.
  2928 | D:4      | Found a shattered altar of Ashenzari.
  2981 | D:4      | Noticed a phantom
  3001 | D:4      | Killed a phantom
  3001 | D:4      | Reached skill level 5 in Fighting
  3001 | D:4      | Reached skill level 5 in Maces & Flails
  3001 | D:4      | Reached skill level 1 in Invocations
  3001 | D:4      | Reached XP level 6. HP: 32/66 MP: 2/6
  3019 | D:4      | Reached *** piety under Uskayaw
  3419 | D:4      | Found a radiant altar of Vehumet.
  3630 | D:4      | Found an opulent altar of Gozag.
  3856 | D:4      | Reached skill level 6 in Maces & Flails
  3856 | D:4      | Reached XP level 7. HP: 72/72 MP: 8/8
  3908 | D:5      | Entered Level 5 of the Dungeon
  3913 | D:5      | Found a stormy altar of Qazlal.
  4519 | D:5      | Found a staircase to the Ecumenical Temple.
  4757 | D:6      | Reached skill level 7 in Maces & Flails
  4773 | D:5      | Reached XP level 8. HP: 77/83 MP: 10/10
  4906 | D:6      | Found a sand-covered staircase.
  4921 | Ossuary  | Entered an ossuary
  5236 | D:6      | Reached **** piety under Uskayaw
  5243 | D:6      | Reached skill level 8 in Maces & Flails
  5444 | D:6      | Found Umoff's General Store.
  5459 | D:6      | Bought a scroll of identify for 28 gold pieces
  5459 | D:6      | Bought a +3 ring of protection for 294 gold pieces
  5459 | D:6      | Bought a potion of might for 56 gold pieces
  5459 | D:6      | Bought a potion of resistance for 140 gold pieces
  5553 | D:7      | Found a sacrificial altar of Ru.
  5661 | D:7      | Reached skill level 5 in Throwing
  5698 | D:7      | Reached skill level 9 in Maces & Flails
  5746 | D:7      | Reached XP level 9. HP: 82/93 MP: 12/12
  5778 | D:7      | Noticed Duvessa
  5788 | D:7      | Noticed Dowan
  5797 | D:7      | Killed Duvessa
  5831 | D:7      | Killed Dowan
  5961 | D:7      | You fall through a shaft!
  5961 | D:8      | Found Udyat's Assorted Antiques.
  6082 | D:7      | Noticed Crazy Yiuf
  6090 | D:7      | Killed Crazy Yiuf
  6090 | D:7      | Reached skill level 5 in Invocations
  6190 | D:8      | Noticed Grum
  6210 | D:8      | Reached skill level 10 in Maces & Flails
  6214 | D:8      | Killed Grum
  6334 | D:8      | Found a snail-covered altar of Cheibriados.
  6403 | D:8      | Noticed a cyclops
  6414 | D:8      | HP: 4/96 [cyclops (1)]
  6416 | D:8      | Mangled by a cyclops

Vault maps used:
D:1:      dpeg_arrival_concentric_ovals, minmay_misc_feat_secret_circle,
          minmay_cupped
D:2:      nicolae_overflow_crystal_walls, nicolae_overflow_hidden_temple,
          kiku_gazebo_pond_becter, okawaru_altar_gauntlet_db, first_bread,
          uniq_jessica, uniq_robin
D:3:      yredelemnul_altar_generic, lemuel_coloured_pillars_altar,
          lemuel_doored_altar, nicolae_dithmenos_through_a_glass_darkly
D:4:      old_standard_altar, nicolae_ashenzari_panopticon,
          lemuel_crystal_altar, serial_shops, nicolae_shop_crystal
D:5:      old_standard_altar, temple_green
D:6:      serial_shops, nicolae_shop_waterfront, nicolae_ossuary_entry_ruins
D:7:      kennysheep_mini_moat, uniq_duvessa, uniq_crazy_yiuf_cottage
D:8:      cheibriados_altar_1, serial_shops, nicolae_shop_crystal, uniq_grum
Ossuary:  ossuary_tomb_3

Skill      XL: |  1  2  3  4  5  6  7  8  9 |
---------------+----------------------------+-----
Maces & Flails | 1 2 3 5 6 7 9 10 | 10.2
Fighting       | 3 4 5 6 7 8 |  8.2
Throwing       | 3 4 5 |  5.9
Invocations    | 1 2 3 4 5 |  5.4
Short Blades   | |  1.2
Dodging        | |  0.8
Stealth        | |  3.2

Action                   |  1- 3 |  4- 6 |  7- 9 || total
-------------------------+-------+-------+-------++-------
Melee: Whip              |   116 |   236 |   233 ||   585
       Dagger            |     4 |       |       ||     4
       Flail             |       |       |   122 ||   122
 Fire: Blowgun           |     1 |    15 |    14 ||    30
Throw: Javelin           |       |    13 |     8 ||    21
       Large rock        |       |     9 |     8 ||    17
       Stone             |       |     5 |       ||     5
       Tomahawk          |       |    12 |    42 ||    54
Invok: Stomp             |       |     2 |     8 ||    10
  Use: Scroll            |       |     4 |    13 ||    17
       Potion            |       |       |     1 ||     1
 Stab: Sleeping          |     1 |     3 |     4 ||     8
       Paralysed         |       |     3 |    11 ||    14
  Eat: Chunk             |       |    10 |     8 ||    18
       Pizza             |       |       |     1 ||     1
Armor: Robe              |    65 |    77 |   153 ||   295
Dodge: Dodged            |    68 |   109 |   118 ||   295
